 Dungeon Crawl Stone Soup version 0.30-a0-603-g51a0fb1b98 (webtiles) character file.

Game seed: 12524635854766417800

54079 HoaS the Marksgargoyle (level 14, -3/141 HPs)
             Began as a Gargoyle Hunter on Jan 7, 2023.
             Was an Initiate of Gozag.
             Slain by a hell hound (8 damage)
             ... led by Azrael
             ... on level 12 of the Dungeon.
             The game lasted 00:50:49 (18643 turns).

HoaS the Marksgargoyle (Gargoyle Hunter)           Turns: 18643, Time: 00:50:49

Health: -3/141     AC: 27    Str: 15    XL:     14   Next: 71%
Magic:  14/14      EV:  2    Int: 11    God:    Gozag
Gold:   3805       SH:  0    Dex: 17    Spells: 13/13 levels left

rFire   . . .      SeeInvis .    (no weapon)
rCold   . . .      Faith    .    (no shield)
rNeg    + . .      Spirit   .    (body armour currently unavailable)
rPois   ∞          Reflect  .    (helmet currently unavailable)
rElec   .          Harm     .    (cloak currently unavailable)
rCorr   .          Rampage  .    (gloves currently unavailable)
Will    +....      NoTele   +    (boots currently unavailable)
Stlth   +                        s - amulet of regeneration
HPRegen 1.23/turn                v - +5 ring of evasion
MPRegen 0.14/turn                q - +5 ring of evasion

@: on fire, tree-form, glowing
A: stationary, stasis, torment immunity, boosted hp, sickness immunity, AC +10,
(big wings), negative energy resistance 1, (electricity resistance), torment
resistance 1, petrification resistance
a: Renounce Religion, Potion Petition, Call Merchant, Bribe Branch


You were on level 12 of the Dungeon.
You worshipped Gozag.
Gozag was most pleased with you.
You were a tree.
You visited 3 branches of the dungeon, and saw 18 of its levels.
You also visited: Sewer.

You collected 5012 gold pieces.
You spent 379 gold pieces at shops.
You paid 828 gold pieces to Gozag.

Inventory:

Hand Weapons
 a - a +2 shortbow of flaming
Armour
 c - a +0 leather armour (melded)
 d - a +1 hat of willpower (melded)
 f - a +1 pair of boots (melded)
 z - a +1 cloak (melded)
Jewellery
 h - a ring of protection from cold
 j - a ring of see invisible
 q - a +5 ring of evasion (right branch)
 s - an amulet of regeneration (around neck)
 v - a +5 ring of evasion (left branch)
 C - the ring "Usmeutzioni" {rC+ rCorr}
   (You found it on level 5 of the Lair of Beasts)

   [ring of protection from cold]

   rC:        It protects you from cold.
   rCorr:     It protects you from acid and corrosion.
 F - a ring of fire
Wands
 e - a wand of roots (4)
 u - a wand of flame (19)
 x - a wand of polymorph (14)
 D - a wand of light (6)
Scrolls
 b - 4 scrolls of immolation
 i - 4 scrolls of magic mapping
 n - 6 scrolls of fear
 r - 15 scrolls of teleportation
 t - 10 scrolls of identify
 w - a scroll of fog
 y - 2 scrolls of poison
 B - a scroll of brand weapon
Potions
 g - 6 potions of mutation
 k - 16 potions of curing
 l - a potion of attraction
 m - 2 potions of flight
 o - 4 potions of lignification
 p - 5 potions of ambrosia
 A - 3 potions of resistance
 E - a potion of cancellation {unknown}


   Skills:
 + Level 13.0 Fighting
 - Level 16.0 Ranged Weapons
 * Level 14.0 Dodging
 - Level 1.1 Stealth


You had 13 spell levels left.
You didn't know any spells.
Your spell library contained the following spells:

 Spells                   Type           Power      Damage    Failure   Level
 Blink                    Tloc           0%         N/A       47%         2
 Momentum Strike          Conj/Tloc      0%         3d8       47%         2
 Dazzling Flash           Conj/Hex       0%         N/A       71%         3
 Gell's Gravitas          Tloc           0%         N/A       71%         3
 Lesser Beckoning         Tloc           0%         N/A       71%         3
 Ozocubu's Armour         Ice            0%         N/A       71%         3
 Teleport Other           Tloc           0%         N/A       71%         3
 Cause Fear               Hex            0%         N/A       98%         4
 Leda's Liquefaction      Hex/Erth       0%         N/A       98%         4
 Agony                    Necr           0%         N/A       100%        5
 Lee's Rapid Deconstruct  Erth           0%         3d4*      100%        5
 Metabolic Englaciation   Hex/Ice        0%         N/A       100%        5
 Silence                  Hex/Air        0%         N/A       100%        5
 Dragon Form              Tmut           0%         N/A       100%        7
 Dragon's Call            Summ           0%         N/A       100%        9
 Simulacrum               Ice/Necr       Unusable   N/A       N/A         6
 Statue Form              Tmut/Erth      Unusable   N/A       N/A         6

Dungeon Overview and Level Annotations

Branches:
Dungeon (12/15)            Temple (1/1) D:6            Lair (5/5) D:11
 Shoals (0/4) Lair:2        Snake (0/4) Lair:3        Slime (0/5) Lair:5
  Sewer (visited)
    Orc: D:9-12

Altars:
Ashenzari
Cheibriados
Dithmenos
Elyvilon
Fedhas
Gozag
Hepliaklqana
Kikubaaqudgha
Makhleb
Nemelex Xobeh
Okawaru
Qazlal
Ru
Sif Muna
Trog
Uskayaw
Vehumet
Wu Jian
Xom
Yredelemnul
Zin
The Shining One

Shops:
D:7 *   Lair:3 *

Annotations:
D:12 Azrael
Lair:5 1 runed translucent door


Innate Abilities, Weirdness & Mutations

You are a tree.
Your roots penetrate the ground, keeping you stationary.
You cannot be teleported.
You are immune to unholy pain and torment.
Your maximum health is greatly increased.
Your equipment is partially melded.
You are immune to sickness and miasma.
((Your stone body is resilient. (AC +10)))
You are immune to poison.
((Your large and strong wings let you fly.))
You resist negative energy. (rN+)
((You are resistant to electric shocks. (rElec)))
You are resistant to unholy torment.
You are immune to petrification.


Message History

* * * LOW HITPOINT WARNING * * *
Azrael hits you with a +2 scimitar of flaming!
* * * LOW HITPOINT WARNING * * *
Azrael burns you.
* * * LOW HITPOINT WARNING * * *
You hit Azrael.
Azrael is severely wounded.
The hell hound bites you but does no damage.
Azrael hits you but does no damage.
You hit Azrael but do no damage.
Azrael is severely wounded.
The hell hound bites you.
* * * LOW HITPOINT WARNING * * *
The hell hound breathes flames at you.
The blast of flame hits you but does no damage.
The blast of flame hits Azrael.
Azrael completely resists.
The blast of flame hits the fire elemental.
The fire elemental completely resists.
Azrael hits you with a +2 scimitar of flaming.
* * * LOW HITPOINT WARNING * * *
Azrael burns you.
* * * LOW HITPOINT WARNING * * *
You hit Azrael but do no damage.
Azrael is severely wounded.
The hell hound bites you but does no damage.
Azrael gestures at you.
The sticky flame hits you but does no damage.
You are covered in liquid flames!
You hear a bark!
You hit Azrael but do no damage.
Azrael is severely wounded.
You are covered in liquid flames!
* * * LOW HITPOINT WARNING * * *
The hell hound breathes flames at you.
The blast of flame hits Azrael.
Azrael completely resists.
The blast of flame hits you!
* * * LOW HITPOINT WARNING * * *
The hell hound bites you!
You die...
Your body crumbles into a pile of gold.

#..# #.# #..# #.# #..#
#.# #..# #.#
#.#####..# #.#
.........######.###
#...........#
#h#######.#.# #♣#
#...## #R# #####...###
...○°°hE.............#
)..####.########...#<#
#.# #..##.# ?.#
#..##.# ### #..##.#
...##.# ##.###.#


You could see Azrael, a fire elemental and 2 hell hounds.

Vanquished Creatures
  4 hydras
  Erica (D:10)
  A catoblepas (Lair:1)
  6 death yaks
  A lindwurm (Lair:5)
  An orc knight (D:11)
  An oklob plant (D:9)
  A deep elf pyromancer (D:10)
  An ugly thing (D:10)
  A manticore (D:11)
  5 torpor snails (Lair:5)
  18 elephants
  5 black mambas
  8 cane toads
  A gargoyle (D:11)
  A rime drake (Lair:4)
  11 komodo dragons
  4 trolls
  4 tyrant leeches (Lair:5)
  A queen bee (Lair:1)
  10 polar bears (Lair:5)
  9 blink frogs
  9 hornets
  A raiju (Lair:5)
  A snapping turtle (Lair:2)
  2 dream sheep (Lair:5)
  A shadow (D:11)
  37 yaks
  A wraith (D:11)
  4 wyverns
  3 basilisks
  2 steam dragons
  4 vampire mosquitoes (D:11)
  9 wargs
  3 nagas (Lair:3)
  2 acid dragons (D:10)
  16 water moccasins
  Duvessa (D:7)
  Pargi (Sewer)
  15 hell hounds
  An ice beast (D:7)
  A sky beast (D:6)
  15 black bears
  7 orc warriors
  32 wolves
  5 centaurs
  A phantom (D:5)
  3 kobold brigands
  10 bullfrogs
  5 scorpions
  3 wights
  Dowan (D:7)
  33 killer bees
  2 howler monkeys (D:8)
  2 electric eels
  4 hounds
  A quasit (D:8)
  2 jellies
  8 orc priests
  16 orc wizards
  Natasha (thrice) (D:4)
  4 adders
  3 gnolls (D:5)
  2 shadow imps
  2 white imps
  2 ufetubi
  4 worms (D:2)
  48 orcs
  2 bats (D:3)
  2 endoplasms
  5 giant cockroaches
  5 goblins
  4 hobgoblins
  8 jackals
  7 quokkas
  7 ball pythons
  3 frilled lizards
  14 kobolds
  6 rats
490 creatures vanquished.

Vanquished Creatures (others)
  43 fungi
  103 plants
  A withered plant (Lair:1)
147 creatures vanquished.

Grand Total: 637 creatures vanquished

Notes
Turn   | Place    | Note
-------+----------+-------------------------------------------
     0 | D:1      | HoaS the Gargoyle Hunter began the quest for the Orb.
     0 | D:1      | Reached XP level 1. HP: 12/12 MP: 1/1
   344 | D:1      | Reached XP level 2. HP: 17/17 MP: 2/2
   826 | D:1      | Reached XP level 3. HP: 18/21 MP: 3/3
   866 | D:2      | Reached skill level 5 in Ranged Weapons
  1292 | D:2      | Reached XP level 4. HP: 26/26 MP: 4/4
  1987 | D:4      | Reached skill level 6 in Ranged Weapons
  2066 | D:4      | Noticed a scorpion
  2081 | D:4      | Killed a scorpion
  2082 | D:4      | Reached XP level 5. HP: 28/30 MP: 5/5
  2390 | D:4      | Noticed Natasha
  2397 | D:4      | Killed Natasha
  2398 | D:4      | Reached skill level 7 in Ranged Weapons
  2398 | D:4      | Reached XP level 6. HP: 33/35 MP: 6/6
  2450 | D:4      | Noticed Natasha
  2460 | D:4      | Killed Natasha
  2539 | D:4      | Noticed a black bear
  2562 | D:4      | Killed a black bear
  2678 | D:4      | Found an ornate altar of the Wu Jian Council.
  2678 | D:4      | Found a hazy altar of Hepliaklqana.
  2817 | D:4      | Noticed Natasha
  2824 | D:4      | Killed Natasha
  2874 | D:5      | Entered Level 5 of the Dungeon
  2922 | D:5      | Reached skill level 8 in Ranged Weapons
  2927 | D:5      | Found a glowing drain.
  2937 | Sewer    | Entered a sewer
  3007 | Sewer    | Noticed Pargi
  3019 | Sewer    | Killed Pargi
  3020 | Sewer    | Reached XP level 7. HP: 24/40 MP: 7/7
  3211 | D:5      | Reached skill level 9 in Ranged Weapons
  3514 | D:5      | Reached XP level 8. HP: 38/44 MP: 8/8
  3615 | D:5      | Found a sacrificial altar of Ru.
  3638 | D:5      | Reached skill level 10 in Ranged Weapons
  4086 | D:5      | Found a snail-covered altar of Cheibriados.
  4368 | D:6      | Found a staircase to the Ecumenical Temple.
  4376 | Temple   | Entered the Ecumenical Temple
  4625 | Temple   | Became a worshipper of Gozag Ym Sagoz the Greedy
  4740 | D:6      | Reached skill level 11 in Ranged Weapons
  5392 | D:7      | Reached XP level 9. HP: 46/48 MP: 9/9
  5414 | D:7      | Found Efuelela's Neck Hole.
  5423 | D:7      | Bought an amulet of regeneration for 330 gold pieces
  5440 | D:7      | Found an ancient bone altar of Kikubaaqudgha.
  5499 | D:7      | Noticed a hornet
  5517 | D:7      | Killed a hornet
  5518 | D:7      | Reached skill level 12 in Ranged Weapons
  5696 | D:7      | Noticed Duvessa
  5696 | D:7      | Noticed Dowan
  5731 | D:7      | Killed Duvessa
  5739 | D:7      | Killed Dowan
  6191 | D:7      | Found a sparkling altar of Nemelex Xobeh.
  6293 | D:8      | Reached skill level 13 in Ranged Weapons
  7295 | D:9      | Found a white marble altar of Elyvilon.
  7335 | D:9      | Reached skill level 14 in Ranged Weapons
  7364 | D:9      | Noticed a troll
  7374 | D:9      | Killed a troll
  7375 | D:9      | Reached XP level 10. HP: 34/53 MP: 10/10
  7724 | D:9      | Reached skill level 15 in Ranged Weapons
  7943 | D:9      | Found a runed translucent door.
  8115 | D:9      | Found a blossoming altar of Fedhas.
  8136 | D:9      | Noticed an oklob plant
  8931 | D:10     | Entered Level 10 of the Dungeon
  8952 | D:10     | Noticed a deep elf pyromancer
  8965 | D:10     | Killed a deep elf pyromancer
  8966 | D:10     | Reached skill level 16 in Ranged Weapons
  9381 | D:10     | Found a stormy altar of Qazlal.
  9519 | D:10     | Noticed Erica
  9533 | D:10     | Killed Erica
  9534 | D:10     | Reached XP level 11. HP: 61/61 MP: 11/11
  9710 | D:11     | Found a staircase to the Lair.
  9745 | D:11     | Noticed a red ugly thing
  9764 | D:10     | Noticed an orc knight
 10075 | Lair:1   | Entered Level 1 of the Lair of Beasts
 10134 | Lair:1   | Reached skill level 5 in Fighting
 10134 | Lair:1   | Reached skill level 5 in Dodging
 11013 | Lair:2   | Noticed a catoblepas
 11225 | Lair:1   | Killed a catoblepas
 11390 | Lair:2   | Reached XP level 12. HP: 72/72 MP: 12/12
 11485 | Lair:2   | Found a staircase to the Shoals.
 12613 | D:7      | Bought a +0 cloak for 49 gold pieces
 12853 | Lair:3   | Found a staircase to the Snake Pit.
 13248 | Lair:3   | Noticed a seven-headed hydra
 13265 | Lair:3   | Killed a seven-headed hydra
 13266 | Lair:3   | Reached skill level 10 in Dodging
 13336 | Lair:3   | Noticed a five-headed hydra
 13356 | Lair:3   | Killed a five-headed hydra
 13670 | Lair:4   | Noticed a death yak
 13670 | Lair:4   | Noticed a death yak
 13672 | Lair:4   | Noticed a death yak
 13680 | Lair:3   | Reached XP level 13. HP: 80/80 MP: 13/13
 13884 | Lair:4   | Reached skill level 10 in Fighting
 14816 | Lair:5   | Entered Level 5 of the Lair of Beasts
 15337 | Lair:5   | Identified the ring "Usmeutzioni" {rC+ rCorr}
 15610 | Lair:5   | Gained mutation: Your large and strong wings let you fly.
                  | [Gargoyle growth]
 15610 | Lair:5   | Reached XP level 14. HP: 91/91 MP: 14/14
 16496 | Lair:5   | Found a staircase to the Slime Pits.
 16676 | Lair:5   | Found a runed translucent door.
 18618 | D:12     | Noticed Azrael
 18643 | D:12     | HP: 5/141 [hell hound/blast of flame[Azrael] (8)]
 18643 | D:12     | Slain by a hell hound

Illustrated notes

Levels and vault maps discovered:
D:1:      minmay_arrival_pointy, layout_basic
D:2:      wander_river, layout_rooms
D:3:      layout_loops_cross, kennysheep_generic_room_2
D:4:      layout_loops_cross, gammafunk_temple_overflow_wave,
          kennysheep_generic_room_15, uniq_natasha
D:5:      layout_basic, mainiacjoe_overflow_24_doors,
          mainiacjoe_overflow_alcove_1, gup_sewer_entry_pipe,
          grunt_ministairs_13
D:6:      layout_basic, minmay_temple_entry_mist
D:7:      dreamdust_elfheim, layout_loops_ring, mainiacjoe_overflow_alcove_2,
          kiku_gazebo_garden_becter, nicolae_shop_sticking_my_neck_out
D:8:      layout_gridville, serial_demonic, serial_demonic_c, serial_demonic_g,
          serial_demonic_d, serial_demonic_g
D:9:      layout_roguey, tgw_fedhas, mainiacjoe_overflow_cross_hatched,
          lightli_church_of_beogh
D:10:     layout_long_grid, nicolae_qazlal_style_of_elements, uniq_erica
D:11:     layout_loops_ring, erik_lair_orcish_takeover, minmay_fountain_box,
          kennysheep_small_spiral
D:12:     layout_loops_ring, david_orc_1_choice, uniq_jorgrun, uniq_azrael,
          uniq_maurice
Temple:   compressed_dpeg_triangle_lava_temple
Lair:1:   layout_chaotic_city, pdpol_lair_neglected_garden
Lair:2:   layout_cave_pods, minmay_shoals_entry_hut, special_room
          [special_room_bee], st_stairs_9, serial_bayou_shore_a
Lair:3:   layout_roguey, minmay_snake_entry_guardpost_small
Lair:4:   layout_roguey, infiniplex_staircase_pool, lemuel_fruit_tree
Lair:5:   wormcave, layout_loops_ring, hangedman_lair_caniforms_friends,
          slime_entry_1

Skill      XL: |  1  2  3  4  5  6  7  8  9 10 11 12 13 14 |
---------------+-------------------------------------------+-----
Ranged Weapons | 5 6 7 8 9 11 14 16 | 16.0
Dodging        | 3 7 10 12 14 | 14.0
Fighting       | 4 7 9 11 13 | 13.0
Stealth        | |  1.1

Action                   |  1- 3 |  4- 6 |  7- 9 | 10-12 | 13-15 || total
-------------------------+-------+-------+-------+-------+-------++-------
Melee: Unarmed           |       |       |       |       |     4 ||     4
 Fire: Shortbow          |   115 |   153 |   417 |  1125 |  1439 ||  3249
Invok: Call Merchant     |       |       |       |       |     1 ||     1
Evoke: Wand              |       |       |       |     3 |     1 ||     4
  Use: Scroll            |     6 |     4 |    11 |    10 |     2 ||    33
       Potion            |       |     1 |     1 |     4 |     3 ||     9
Armor: Leather armour    |    32 |    74 |    75 |   131 |   156 ||   468
       Skin              |       |       |       |     9 |     7 ||    16
Dodge: Dodged            |    31 |    83 |   207 |   589 |   986 ||  1896

Table legend: (Time is in decaauts)
 A = Elapsed time spent in this place.
 B = Non-inter-level travel time spent in this place.
 C = Inter-level travel time spent in this place.
 D = Time resting spent in this place.
 E = Time spent auto-exploring this place.
 F = Levels seen in this place.
 G = Mean time per level.
                   A        B        C        D        E       F      G
               +--------+--------+--------+--------+--------+-----+--------+
         Total |  18153 |  16915 |   1238 |   1982 |  10266 |  19 |  955.4 |
       Dungeon |  11273 |  10241 |   1032 |   1312 |   6486 |  12 |  939.4 |
        Temple |    262 |    249 |     13 |      0 |    218 |   1 |  262.0 |
          Lair |   6408 |   6216 |    192 |    611 |   3478 |   5 | 1281.6 |
         Sewer |    208 |    208 |      0 |     59 |     83 |   1 |  208.0 |
               +--------+--------+--------+--------+--------+-----+--------+

Top non-repeatable levels by time:
  Lair:5: 2027 daAuts
     D:9: 1943 daAuts
  Lair:2: 1308 daAuts
     D:5: 1185 daAuts
     D:7: 1173 daAuts
    D:10: 1128 daAuts
    D:11: 1095 daAuts
  Lair:1: 1071 daAuts
  Lair:3: 1061 daAuts
     D:4: 1061 daAuts
  Lair:4: 939 daAuts
     D:1: 853 daAuts
     D:8: 801 daAuts
     D:6: 781 daAuts
     D:3: 621 daAuts
